 Dungeon Crawl Stone Soup version 0.30-a0-1074-g5db6f66fbb (webtiles) character file.

Game seed: 8518788225584250444

8228 Zeldest the Transmogrifier (level 11, -3/48 HPs)
             Began as a Spriggan Hexslinger on Apr 13, 2023.
             Was a Believer of Wu Jian.
             Slain by a skyshark (17 damage)
             ... on level 1 of the Lair of Beasts.
             The game lasted 01:16:25 (15363 turns).

Zeldest the Transmogrifier (Spriggan Hexslinger)   Turns: 15363, Time: 01:16:26

Health: -3/48      AC:  3    Str:  6    XL:     11   Next: 7%
Magic:  17/17      EV: 22    Int: 20    God:    Wu Jian [**....]
Gold:   254        SH:  0    Dex: 21    Spells: 2/17 levels left

rFire   . . .      SeeInvis +    k - staff of air
rCold   . . .      Faith    .    (shield currently unavailable)
rNeg    . . .      Spirit   .    c - +1 robe
rPois   .          Reflect  .    (helmet restricted)
rElec   +          Rampage  .    (no cloak)
rCorr   .                        (gloves unavailable)
Will    +....                    (boots unavailable)
Stlth   ++                       (no amulet)
HPRegen 0.28/turn                p - ring of flight
MPRegen 0.15/turn                E - +6 ring of dexterity

@: flying, very quick
A: very small, no large weapons, unfitting armour, see invisible, speed 3
a: Renounce Religion, Wall Jump


You were on level 1 of the Lair of Beasts.
You worshipped Wu Jian.
Wu Jian was pleased with you.
You visited 3 branches of the dungeon, and saw 12 of its levels.
You also visited: Sewer and Gauntlet.

You collected 488 gold pieces.
You spent 234 gold pieces at shops.

Inventory:

Hand Weapons
 a - a +1 sling of flaming
 b - the +4 rapier "Teweghor" {freeze, Will- Str+5 SInv}
   (You bought it in a shop on level 5 of the Dungeon)

   Str:       It affects your strength (+5).
   SInv:      It lets you see invisible.
   Will:      It decreases your willpower.
 d - a +2 whip of venom
Missiles
 g - 4 curare-tipped darts (quivered)
Armour
 c - a +1 robe (worn)
 f - an orb of light
Magical Staves
 k - a staff of air (weapon)
Jewellery
 p - a ring of flight (left hand)
 E - a +6 ring of dexterity (right hand)
Wands
 q - a wand of flame (10)
 w - a wand of paralysis (9)
 x - a wand of light (5)
Scrolls
 j - a scroll of fear
 l - 3 scrolls of fog
 o - 2 scrolls of poison
 s - 2 scrolls of brand weapon
 t - 2 scrolls of teleportation
 D - 3 scrolls of silence
Potions
 e - 3 potions of lignification
 h - 4 potions of might
 i - 2 potions of attraction
 r - 2 potions of berserk rage
 v - a potion of haste {unknown}
 z - a potion of heal wounds
 A - a potion of cancellation {unknown}
 B - a potion of brilliance {unknown}
 C - 2 potions of curing


   Skills:
 - Level 0.7 Fighting
 - Level 4.7 Ranged Weapons
 - Level 7.0 Dodging
 - Level 6.5 Unarmed Combat
 + Level 3.8 Spellcasting
 - Level 6.3 Hexes
 - Level 4.0 Summonings
 + Level 9.2 Transmutations
 + Level 8.4 Air Magic


You had 2 spell levels left.
You knew the following spells:

 Your Spells              Type           Power      Damage    Failure   Level
a - Shock                 Conj/Air       100%       1d9       2%          1
b - Cause Fear            Hex            14%        N/A       10%         4
c - Blade Hands           Tmut           20%        N/A       8%          5
d - Summon Lightning Spi  Summ/Air       43%        N/A       10%         4
e - Slow                  Hex            100%       N/A       1%          1

Your spell library contained the following spells:

 Spells                   Type           Power      Damage    Failure   Level
 Apportation              Tloc           6%         N/A       13%         1
 Swiftness                Air            54%        N/A       1%          3
 Airstrike                Air            27%        2d(4-20)  4%          4
 Inner Flame              Hex/Fire       16%        N/A       11%         3
 Portal Projectile        Hex/Tloc       32%        N/A       11%         3
 Silence                  Hex/Air        25%        N/A       17%         5
 Alistair's Intoxication  Tmut/Pois      14%        N/A       47%         5
 Animate Armour           Summ/Erth      22%        N/A       50%         4
 Passage of Golubria      Tloc           3%         N/A       78%         4
 Storm Form               Tmut/Air       28%        N/A       96%         7
 Iron Shot                Conj/Erth      1%         9d1       100%        6
 Lehudib's Crystal Spear  Conj/Erth      1%         10d2      100%        8
 Maxwell's Capacitive Co  Air            27%        ∞         100%        8


Dungeon Overview and Level Annotations

Branches:
Dungeon (10/15) Zot: 26115  Temple (1/1) D:6 Zot: 5847    Lair (1/5) D:9 Zot: 5689
    Orc (0/2) D:10          Sewer (visited)         Gauntlet (visited)

Altars:
Ashenzari
Cheibriados
Dithmenos
Elyvilon
Fedhas
Gozag
Hepliaklqana
Kikubaaqudgha
Makhleb
Nemelex Xobeh
Okawaru
Qazlal
Ru
Sif Muna
Trog
Uskayaw
Vehumet
Wu Jian
Xom
Yredelemnul
Zin
The Shining One

Shops:
D:4 (   D:5 [(   D:6 (

Annotations:
D:2 Natasha
D:3 1 transporter
D:6 Edmund
D:8 3 runed translucent doors, hollowman's ghost, novice MiHu
D:10 3 runed translucent doors, 123456's ghost, journeyman GrEE
Lair:1 exclusion: black mamba


Innate Abilities, Weirdness & Mutations

You are very small and have problems with some larger weapons.
You are too small for most types of armour.
You have supernaturally acute eyesight. (SInv)
You cover ground extremely quickly. (Speed+++)


Message History

Aim: an orc, wielding a +0 dagger (74% to hit)
You feel a surge of power!
The zap hits the orc!
You kill the orc!
The Council accepts your kill.
You start resting.
Your magical contamination has completely faded away.
You start resting.
Your lightning spire disappears in a puff of smoke!
Magic restored.
Things that are here:
8 poisoned darts; a +0 club
There is an open door here.
There is a stone staircase leading down here.
You fly downwards.
Level annotation: 3 runed translucent doors, 123456's ghost, journeyman GrEE
There is a stone staircase leading up here.
There is a stone staircase leading up here.
You fly upwards.
There is a stone staircase leading down here.
There is an open door here.
There is an open door here.
There is an open door here.
There is a staircase to the Lair here.
There is an open door here.
Search for what [? for help]? weapon Unknown command.
Okay, then.
You see here a +0 helmet.
There is a staircase to the Lair here.
Okay, then.
You fly downwards.
Welcome back to the Lair of Beasts!
Level annotation: exclusion: black mamba The black mamba barely misses you.
The black mamba bites you! The bullfrog completely misses you.
The skyshark bites you.
The skyshark tastes blood and grows stronger!
The skyshark tail-slaps you!
* * * LOW HITPOINT WARNING * * *
The skyshark misses you. The bullfrog completely misses you.
The skyshark bites you!
You die...

### ############# ##.##########
*# .....#......##
##......#....####.
.............###.............##..
..............#..............#...
...............F.................
.....#........Sl@................
.S..###.........S................
##...##.##....#..................
#.............#..................
#..##.........P..................
#..##............................
#..##.###........................
#..#P.# ##............[..........
......## #....#..................


You could see a skyshark (strong), a black mamba, a water moccasin and a
bullfrog.

Vanquished Creatures
  2 death yaks (D:9)
  A two-headed ogre (D:10)
  A skyshark (Lair:1)
  An unseen horror (D:10)
  A red devil (D:10)
  4 slime creatures
  Sigmund (D:6)
  A vampire (D:7)
  A wyvern (D:8)
  3 yaks (D:9)
  2 steam dragons
  A water moccasin (D:5)
  An orc warrior (D:10)
  A sky beast (D:6)
  An ice beast (D:6)
  3 black bears (D:5)
  An ogre (D:7)
  2 centaurs
  A phantom (D:4)
  6 kobold brigands
  A gnoll sergeant (D:9)
  3 bullfrogs
  4 scorpions
  5 killer bees (D:9)
  A hound (D:5)
  6 orc priests
  A sleepcap (D:7)
  An iguana (D:6)
  4 orc wizards
  A river rat (Sewer)
  17 adders
  3 white imps
  An ufetubus (D:6)
  6 worms
  2 dart slugs
  29 orcs
  9 endoplasms
  3 giant cockroaches
  9 goblins
  5 hobgoblins
  4 quokkas
  8 ball pythons
  6 bats
  17 kobolds
  7 rats
188 creatures vanquished.

Vanquished Creatures (collateral kills)
  A kobold demonologist (D:10)
  A komodo dragon (Lair:1)
  A chaos spawn (D:10)
  An orc warrior (D:10)
  2 killer bees (D:9)
  An orc priest (D:10)
  16 orcs
23 creatures vanquished.

Vanquished Creatures (others)
  2 fungi (Lair:1)
  12 plants
14 creatures vanquished.

Grand Total: 225 creatures vanquished

Notes
Turn   | Place    | Note
-------+----------+-------------------------------------------
     0 | D:1      | Zeldest the Spriggan Hexslinger began the quest for the
                  | Orb.
     0 | D:1      | Reached XP level 1. HP: 9/9 MP: 3/3
   156 | D:1      | Reached XP level 2. HP: 14/14 MP: 3/5
   574 | D:1      | Reached XP level 3. HP: 17/17 MP: 6/6
  1146 | D:2      | Noticed Natasha
  1257 | D:3      | Noticed a scorpion
  1367 | D:3      | Killed a scorpion
  1368 | D:3      | Reached XP level 4. HP: 21/21 MP: 7/7
  1726 | D:3      | Found a sparkling altar of Nemelex Xobeh.
  1726 | D:3      | Found a transporter.
  2183 | D:4      | Noticed a scorpion
  2285 | D:4      | Killed a scorpion
  2286 | D:4      | Reached skill level 5 in Hexes
  2286 | D:4      | Reached XP level 5. HP: 25/25 MP: 8/8
  2557 | D:4      | Reached skill level 5 in Dodging
  2612 | D:4      | Noticed a phantom
  2650 | D:4      | Killed a phantom
  2651 | D:4      | Reached XP level 6. HP: 29/29 MP: 9/9
  3236 | D:4      | Found Xushrics's Firing Range.
  3291 | D:5      | Entered Level 5 of the Dungeon
  3484 | D:5      | Found Enefiw's Antique Weapon Shop.
  3501 | D:5      | Bought a warped rapier for 234 gold pieces
  3501 | D:5      | Identified the +4 rapier "Teweghor" {freeze, Will- Str+5
                  | SInv} (You bought it in a shop on level 5 of the Dungeon)
  3741 | D:5      | Noticed a water moccasin
  4086 | D:5      | Killed a water moccasin
  4087 | D:5      | Reached XP level 7. HP: 32/32 MP: 10/10
  4524 | D:5      | Found a glowing golden altar of the Shining One.
  4617 | D:5      | Reached skill level 1 in Unarmed Combat
  4617 | D:5      | Reached skill level 1 in Air Magic
  4675 | D:5      | Found Dukkufy's Armour Emporium.
  4991 | D:6      | Found a staircase to the Ecumenical Temple.
  5016 | Temple   | Entered the Ecumenical Temple
  5103 | Temple   | Became a worshipper of the Wu Jian Council
  5349 | D:6      | Noticed Sigmund
  5361 | D:6      | Reached skill level 1 in Transmutations
  5429 | D:6      | Noticed Edmund
  5450 | D:6      | Found a glowing drain.
  5458 | Sewer    | Entered a sewer
  5522 | Sewer    | Reached skill level 2 in Transmutations
  5690 | Sewer    | Learned a level 4 spell: Cause Fear
  5711 | Sewer    | Reached XP level 8. HP: 23/37 MP: 2/11
  6098 | Sewer    | Reached skill level 3 in Transmutations
  6542 | D:6      | Found Lapoum's Weapon Boutique.
  6558 | D:6      | Found a shimmering altar of Xom.
  6571 | D:6      | Found a radiant altar of Vehumet.
  6705 | D:6      | Reached * piety under Wu Jian
  6706 | D:6      | Reached skill level 4 in Transmutations
  7100 | D:6      | Killed Sigmund
  7101 | D:6      | Reached skill level 5 in Transmutations
  8286 | D:7      | Reached XP level 9. HP: 40/40 MP: 11/13
  8818 | D:7      | Learned a level 5 spell: Blade Hands
  9078 | D:7      | Reached skill level 6 in Transmutations
  9561 | D:8      | Found a runed translucent gate.
  9561 | D:8      | Found a runed translucent gate.
  9561 | D:8      | Found a runed translucent gate.
  9562 | D:8      | Noticed hollowman's ghost (novice MiHu)
  9562 | D:8      | Noticed an 11-headed hydra
  9907 | D:8      | Reached skill level 5 in Unarmed Combat
 10240 | D:8      | Reached skill level 5 in Air Magic
 10578 | D:8      | Reached skill level 7 in Transmutations
 10846 | D:8      | Found a bloodstained altar of Trog.
 11412 | D:9      | Noticed a death yak
 11412 | D:9      | Noticed a death yak
 11415 | D:9      | Reached skill level 8 in Transmutations
 11415 | D:9      | Noticed a death yak
 11418 | D:9      | Reached XP level 10. HP: 44/44 MP: 6/15
 11592 | D:9      | Found a staircase to the Lair.
 11631 | D:9      | Killed a death yak
 12254 | D:9      | Found a hazy altar of Hepliaklqana.
 12255 | D:9      | Found a faded altar of an unknown god.
 12483 | D:9      | Learned a level 4 spell: Summon Lightning Spire
 12878 | Lair:1   | Entered Level 1 of the Lair of Beasts
 12897 | Lair:1   | Noticed a black mamba
 12942 | Lair:1   | Reached skill level 1 in Summonings
 12955 | Lair:1   | Noticed a skyshark
 12982 | Lair:1   | Found a gate leading to a gauntlet.
 12988 | Gauntlet | Entered a Gauntlet
 12988 | Gauntlet | Found a transporter.
 12988 | Gauntlet | Found a transporter.
 12992 | Gauntlet | Found a transporter.
 12992 | Gauntlet | Found a transporter.
 12993 | Gauntlet | Noticed a spectral death yak
 13003 | Gauntlet | Noticed a death scarab
 13005 | Gauntlet | Noticed a gargoyle
 13012 | Gauntlet | Noticed a catoblepas
 13012 | Gauntlet | Noticed a gargoyle
 13015 | Gauntlet | Found a transporter.
 13024 | Gauntlet | Found a transporter.
 13024 | Gauntlet | Noticed an ice statue
 13025 | Gauntlet | Found a transporter.
 13026 | Gauntlet | Found a transporter.
 13026 | Gauntlet | Noticed a fire crab
 13026 | Gauntlet | Noticed a glowing orange brain
 13029 | Gauntlet | Noticed a red ugly thing
 13036 | Gauntlet | Noticed a glowing orange brain
 13069 | Gauntlet | Found a transporter.
 13115 | Gauntlet | Found a transporter.
 13117 | Gauntlet | Noticed a torpor snail
 13121 | Gauntlet | Noticed an elephant
 13123 | Gauntlet | Noticed an elephant
 13127 | Gauntlet | Noticed an elephant
 13129 | Gauntlet | Found a transporter.
 13140 | Gauntlet | Noticed an elephant
 13143 | Gauntlet | Found a transporter.
 13215 | Gauntlet | Found a transporter.
 13231 | Gauntlet | Found a transporter.
 13247 | Gauntlet | Found a transporter.
 13258 | Gauntlet | Found a transporter.
 13362 | Lair:1   | Killed a skyshark
 13558 | Lair:1   | Noticed a skyshark
 13597 | Lair:1   | Noticed an elephant
 13602 | Lair:1   | Noticed a cane toad
 13940 | D:9      | Identified a scroll of acquirement
 13940 | D:9      | Acquired a staff of air
 14073 | D:9      | Killed a death yak
 14264 | D:10     | Entered Level 10 of the Dungeon
 14384 | D:10     | Noticed a sun demon
 14387 | D:10     | Noticed a rust devil
 14441 | D:10     | Found a broken altar of Ashenzari.
 14500 | D:10     | Reached ** piety under Wu Jian
 14503 | D:10     | Found a staircase to the Orcish Mines.
 14664 | D:10     | Learned a level 1 spell: Shock
 14701 | D:10     | Found a shadowy altar of Dithmenos.
 14731 | D:10     | Noticed an orange demon
 14733 | D:10     | Noticed a soul eater
 14843 | D:10     | Noticed a two-headed ogre
 14859 | D:10     | Killed a two-headed ogre
 14860 | D:10     | Reached skill level 9 in Transmutations
 14860 | D:10     | Reached XP level 11. HP: 48/48 MP: 8/17
 15118 | D:10     | Found a runed translucent gate.
 15118 | D:10     | Found a runed translucent gate.
 15118 | D:10     | Found a runed translucent gate.
 15122 | D:10     | Noticed 123456's ghost (journeyman GrEE)
 15219 | D:10     | Noticed a soul eater
 15254 | D:10     | Noticed a two-headed ogre
 15363 | Lair:1   | Slain by a skyshark

Illustrated notes

Levels and vault maps discovered:
D:1:      scummos_arrival_hexagon, layout_basic
D:2:      layout_loops_corners, minivault_4, uniq_natasha
D:3:      layout_basic, grunt_nemelex_the_gamble
D:4:      layout_loops_corners, grunt_decor_mini_mirrors,
          nicolae_shop_firing_range
D:5:      layout_basic, tso_oasis_becter, serial_shops, kennysheep_little_box,
          shop, nicolae_stop_n_shop_1, minmay_misc_feat_encased,
          minmay_fractal_squares_5
D:6:      layout_basic, mainiacjoe_overflow_large_starburst,
          minmay_temple_entry_trees, serial_shops, nicolae_shop_statue_plus,
          portal_sewer_entry_f, minmay_misc_feat_columns, uniq_edmund,
          uniq_sigmund
D:7:      layout_rooms
D:8:      layout_rooms, lightli_temple_of_fire, gammafunk_ghost_hydra_chop,
          grunt_decor_junction, chequers_avenue
D:9:      layout_roguey, beargit_hepliaklqana_dungeon_heroes,
          dpeg_lair_monsters, columned_hall_lemuel
D:10:     layout_roguey, grunt_dithmenos_smoke, ashenzari_conservatory_becter,
          hiddenorc2_lemuel, ebering_ghost_rock_garden, serial_demonic,
          serial_demonic_a, serial_demonic_d, serial_demonic_d,
          serial_demonic_f, grunt_ministairs_8
Temple:   eino_temple_water
Lair:1:   layout_gridlike, gauntlet_entry_generic, infiniplex_staircase_pool_2

Skill      XL: |  1  2  3  4  5  6  7  8  9 10 |
---------------+-------------------------------+-----
Dodging        | 3 4 5 6 7 |  7.0
Hexes          | 4 5 6 |  6.3
Ranged Weapons | 3 4 |  4.7
Unarmed Combat | 2 4 6 |  6.5
Air Magic      | 2 4 6 8 |  8.4
Transmutations | 2 5 8 9 |  9.2
Spellcasting   | 2 3 |  3.8
Summonings     | 4 |  4.0
Fighting       | |  0.7

Action                     |  1- 3 |  4- 6 |  7- 9 | 10-12 || total
---------------------------+-------+-------+-------+-------++-------
  Melee: Rapier            |       |       |    63 |     6 ||    69
         Whip              |       |       |    29 |    10 ||    39
         Punch             |       |       |     5 |     2 ||     7
         Unarmed           |       |       |    10 |    21 ||    31
         Staff             |       |       |       |    15 ||    15
   Fire: Sling             |   134 |   238 |   567 |    60 ||   999
  Throw: Dart              |       |       |       |     7 ||     7
   Cast: Slow              |     9 |    44 |    69 |     5 ||   127
         Cause Fear        |       |       |     6 |     2 ||     8
         Blade Hands       |       |       |     3 |     4 ||     7
         Summon Lightning  |       |       |       |    19 ||    19
         Shock             |       |       |       |    21 ||    21
Ability: Lunge             |       |       |     2 |     2 ||     4
         Whirlwind         |       |       |     1 |     3 ||     4
  Evoke: Wand              |       |       |    10 |     4 ||    14
    Use: Potion            |     2 |       |     4 |     1 ||     7
         Scroll            |     1 |       |     9 |    13 ||    23
   Stab: Paralysed         |       |       |    17 |       ||    17
 Armour: Robe              |     8 |     7 |     4 |     1 ||    20
  Dodge: Dodged            |    71 |    59 |   150 |   104 ||   384

Table legend: (Time is in decaauts)
 A = Elapsed time spent in this place.
 B = Non-inter-level travel time spent in this place.
 C = Inter-level travel time spent in this place.
 D = Time resting spent in this place.
 E = Time spent auto-exploring this place.
 F = Levels seen in this place.
 G = Mean time per level.
                   A        B        C        D        E       F      G
               +--------+--------+--------+--------+--------+-----+--------+
         Total |  11652 |  11185 |    467 |   3449 |   3078 |  14 |  832.3 |
       Dungeon |  10293 |   9837 |    456 |   3229 |   2580 |  10 | 1029.3 |
        Temple |    152 |    141 |     11 |      0 |     89 |   1 |  152.0 |
          Lair |    309 |    309 |      0 |     75 |     30 |   1 |  309.0 |
         Sewer |    687 |    687 |      0 |    145 |    221 |   1 |  687.0 |
      Gauntlet |    210 |    210 |      0 |      0 |    156 |   1 |  210.0 |
               +--------+--------+--------+--------+--------+-----+--------+

Top non-repeatable levels by time:
     D:9: 2064 daAuts
     D:7: 1442 daAuts
     D:6: 1414 daAuts
     D:4: 1236 daAuts
     D:8: 989 daAuts
     D:5: 956 daAuts
    D:10: 784 daAuts
   Sewer: 687 daAuts
     D:1: 613 daAuts
     D:3: 490 daAuts
  Lair:1: 309 daAuts
     D:2: 300 daAuts
Gauntlet: 210 daAuts
  Temple: 152 daAuts
